 Dungeon Crawl Stone Soup version 0.28.0-53-g5a82cb258f (webtiles) character file.

Game seed: 14030304923360223587

50 DemonSlayer the Firebug (level 3, -2/24 HPs)
             Began as a Demonspawn Fire Elementalist on Aug 4, 2022.
             Killed by nerve-wracking pain
             ... invoked by an orc priest
              (12 damage)
             ... on level 2 of the Dungeon.
             The game lasted 00:02:59 (2564 turns).

DemonSlayer the Firebug (DsFE)                      Turns: 2564, Time: 00:03:00

Health: -2/24      AC:  4    Str:  8    XL:     3   Next: 55%
Magic:  1/6        EV: 12    Int: 18    God:
Gold:   56         SH:  9    Dex: 13    Spells: 4/7 levels left

rFire   . . .      SeeInvis .   e - +0 hand axe
rCold   . . .      Faith    .   (no shield)
rNeg    . . .      Spirit   .   a - +0 robe
rPois   .          Reflect  +   (no helmet)
rElec   .          Harm     .   (no cloak)
rCorr   .          Rampage  .   (no gloves)
Will    .....                   (no boots)
Stlth   ++........              g - amulet of reflection
HPRegen 0.08/turn               (no ring)
MPRegen 0.10/turn               (no ring)

@: no status effects
A: molten scales 1, condensation shield
a: no special abilities


You were on level 2 of the Dungeon.
You visited 1 branch of the dungeon, and saw 3 of its levels.

You collected 56 gold pieces.

Inventory:

Hand Weapons
 e - a +0 hand axe (weapon)
Armour
 a - a +0 robe (worn)
Jewellery
 g - an amulet of reflection (around neck)
Wands
 h - a wand of polymorph (7)
Scrolls
 c - 3 scrolls of identify {unknown}
 i - a scroll of magic mapping {unknown}
 j - a scroll of fog {unknown}
 m - a scroll of fear {unknown}
Potions
 b - a potion of haste {unknown}
 d - 2 potions of berserk rage {unknown}
 f - 2 potions of heal wounds {unknown}
 k - a potion of ambrosia {unknown}
 l - a potion of magic {unknown}
 n - a potion of flight {unknown}


   Skills:
 + Level 0.1 Axes
 + Level 1.9 Dodging
 + Level 2.0 Stealth
 + Level 2.6 Spellcasting
 + Level 1.9 Conjurations
 + Level 3.1 Fire Magic


You had 4 spell levels left.
You knew the following spells:

 Your Spells              Type           Power      Damage    Failure   Level
a - Foxfire               Conj/Fire      44%        2x1d6     6%          1
b - Scorch                Fire           26%        2d6       7%          2

Your spell library contained the following spells:

 Spells                   Type           Power      Damage    Failure   Level
 Conjure Flame            Conj/Fire      11%        6-21      19%         3
 Inner Flame              Hex/Fire       8%         N/A       26%         3
 Flame Wave               Conj/Fire      11%        2d5       52%         4


Dungeon Overview and Level Annotations

Branches:
Dungeon (3/15)

Altars:
Okawaru


Innate Abilities, Weirdness & Mutations

You are partially covered in molten scales. (AC +2)
A meltable shield of frost defends you. (SH +4)


Message History

An orc priest is nearby!
An orc priest is nearby!
An orc priest is nearby!
Flames lash the orc priest but do no damage.
You hit the orc priest but do no damage.
The orc priest barely misses you.
You hit the orc priest.
The orc priest is moderately wounded.
The orc priest hits you with a +0 whip.
You hit the orc priest.
The orc priest is moderately wounded.
You block the orc priest's attack.
You hit the orc priest.
The orc priest is severely wounded.
The orc priest hits you with a +0 whip.
The orc priest mumbles some strange prayers to Beogh against you.
Beogh smites you!
You hit the orc priest but do no damage.
The orc priest is severely wounded.
You block the orc priest's attack.
You barely miss the orc priest.
The orc priest is severely wounded.
You block the orc priest's attack.
You hit the orc priest.
The orc priest is severely wounded.
The orc priest hits you but does no damage.
You block the orc priest's attack.
You hit the orc priest but do no damage.
The orc priest is severely wounded.
The orc priest hits you but does no damage.
You hit the orc priest but do no damage.
The orc priest is severely wounded.
The orc priest invokes the aid of Beogh against you.
You barely resist. You closely miss the orc priest.
The orc priest is severely wounded.
The orc priest mumbles some strange prayers to Beogh against you.
Pain shoots through your body!
Ouch! That really hurt!
You die...

#.#...........#.......o...#
#.#.#####.###.#.###.#####.#
#.#.#...#.#.#.#.#.#o# .#
#.#.###.#.#.#.#.#.#.# o#
#.#.....#.#...#...#.# .#
##########.#.#########.###
##
...........#........o..#.#
.#####.###.#.###o#####.#.#
.#...#.# #.#.#.#@#...#.#.#
.###)#.# #.#.#†#.#.###.#.#
.....#.# ..#...#.#.....#.#
###.##.#########.#######.#
....##...........# #.#
....##.#########.# #.####
....##.#...#...#.# #....#
÷..###.###.#.###.# ####.#
..## #....)#.....# #.#


You could see an orc priest.

Vanquished Creatures
  An adder (D:2)
  A worm (D:2)
  A dart slug (D:2)
  4 orcs
  4 endoplasms
  A giant cockroach (D:2)
  3 goblins
  A hobgoblin (D:2)
  2 kobolds
  2 quokkas
  A ball python (D:1)
  4 bats
  2 frilled lizards
  4 rats
31 creatures vanquished.

Vanquished Creatures (others)
  69 foxfires
69 creatures vanquished.

Grand Total: 100 creatures vanquished

Notes
Turn   | Place    | Note
-------+----------+-------------------------------------------
     0 | D:1      | DemonSlayer the Demonspawn Fire Elementalist began the
                  | quest for the Orb.
     0 | D:1      | Reached XP level 1. HP: 13/13 MP: 3/3
   418 | D:1      | Reached skill level 3 in Fire Magic
   515 | D:1      | Gained mutation: You are partially covered in molten
                  | scales. (AC +2) [demonic ancestry]
   515 | D:1      | Reached XP level 2. HP: 19/19 MP: 1/5
   520 | D:1      | Learned a level 2 spell: Scorch
  1800 | D:2      | Gained mutation: A meltable shield of frost defends you.
                  | (SH +4) [demonic ancestry]
  1800 | D:2      | Reached XP level 3. HP: 21/24 MP: 0/6
  2198 | D:2      | You fall into a shaft and drop 1 floor!
  2307 | D:3      | Found an iron altar of Okawaru.
  2564 | D:2      | Killed from afar by an orc priest

Illustrated notes

Levels and vault maps discovered:
D:1:      nicolae_arrival_somewhat_less_tricky_arrival, layout_basic
D:2:      mumra_celtic_spiral_tile, layout_loops_ring
D:3:      layout_basic, mainiacjoe_overflow_big_doors

Skill      XL: |  1  2  3 |
---------------+----------+-----
Fire Magic     | 3 |  3.1
Stealth        | 2 |  2.0
Axes           | |  0.1
Dodging        | |  1.9
Spellcasting   | |  2.6
Conjurations   | |  1.9

Action                   || total
-------------------------++-------
Melee: Unarmed           ||    15
       Hand axe          ||    40
 Cast: Foxfire           ||    47
       Scorch            ||    12
 Stab: Sleeping          ||     4
Armor: Robe              ||    27
Dodge: Dodged            ||    41
Block: Other             ||     6
